 Dungeon Crawl Stone Soup version 0.25.1-2-g60ff931df9 (webtiles) character file.

Game seed: 11312948822602066032

1119 Luthien the Magician (level 8, -1/46 HPs)
             Began as a Deep Elf Conjurer on Aug 17, 2020.
             Shot with an arrow by a centaur (3 damage)
             ... on level 6 of the Dungeon.
             The game lasted 00:13:44 (6179 turns).

Luthien the Magician (Deep Elf Conjurer)            Turns: 6179, Time: 00:13:45

Health: -1/46      AC:  5    Str:  5    XL:     8   Next: 12%
Magic:  9/20       EV: 13    Int: 23    God:
Gold:   247        SH:  5    Dex: 15    Spells: 10/21 levels left

rFire    . . .     SeeInvis .   a - +2 long sword (holy)
rCold    . . .     Gourm    .   q - +0 buckler
rNeg     . . .     Faith    .   H - +0 robe
rPois    .         Spirit   .   i - +1 hat
rElec    .         Reflect  .   I - +0 cloak
rCorr    +         Harm     .   (no gloves)
MR       .....                  J - +0 pair of boots
Stlth    ++........             (no amulet)
HPRegen  0.15/turn              m - ring of resist corrosion
MPRegen  0.17/turn              (no ring)

@: very slightly contaminated, slowed, very slow
A: no striking features
a: no special abilities


You were on level 6 of the Dungeon.
You were not hungry.

You visited 1 branch of the dungeon, and saw 6 of its levels.

You collected 247 gold pieces.

Inventory:

Hand Weapons
 a - a +2 long sword of holy wrath (weapon)
 b - a +0 hunting sling
Missiles
 k - 144 stones (quivered)
 n - 18 sling bullets
 u - 18 bolts
 G - 23 arrows
Armour
 i - a +1 hat (worn)
 q - a +0 buckler (worn)
 H - a +0 robe (worn)
 I - a +0 cloak (worn)
 J - a +0 pair of boots (worn)
Jewellery
 m - a ring of resist corrosion (left hand)
Wands
 A - a wand of random effects (20)
 F - a wand of digging (11)
Scrolls
 d - 6 scrolls of identify {unknown}
 g - 4 scrolls of blinking {unknown}
 h - a scroll of enchant armour {unknown}
 l - a scroll of random uselessness {unknown}
 s - a scroll of noise {unknown}
 t - 5 scrolls of remove curse {unknown}
 x - 3 scrolls of amnesia {unknown}
 z - 2 scrolls of teleportation {unknown}
Potions
 e - 3 potions of might {unknown}
 j - 2 potions of heal wounds {unknown}
 o - 5 potions of stabbing {unknown}
 p - 2 potions of resistance {unknown}
 r - 3 potions of haste {unknown}
 v - a potion of curing {unknown}
 w - a potion of degeneration {unknown}
 C - a potion of lignification {unknown}
 D - a potion of brilliance {unknown}
 E - a potion of invisibility {unknown}
Comestibles
 c - 8 rations
 f - a chunk of flesh


   Skills:
 + Level 3.4 Fighting
 - Level 2.5 Dodging
 - Level 2.5 Stealth
 + Level 3.4 Shields
 + Level 7.2 Spellcasting
 + Level 7.0 Conjurations


You had 10 spell levels left.
You knew the following spells:

 Your Spells              Type           Power        Failure   Level  Hunger
a - Magic Dart            Conj           ####         1%          1    None
b - Searing Ray           Conj           #####.       1%          2    None
i - Iskenderun's Mystic   Conj/Tloc      ###.....     19%         4    ###....
p - Fulminant Prism       Conj/Hex       ###.......   19%         4    ###....

Your spell library contained the following spells:

 Spells                   Type           Power        Failure   Level  Hunger
 Dazzling Flash           Conj/Hex       ###...       5%          3    None


Dungeon Overview and Level Annotations

Branches:
Dungeon (6/15)
 Temple: D:4-7

Altars:
Cheibriados
Dithmenos
Qazlal
Ru
Wu Jian
The Shining One


Message History

You are very lightly contaminated with residual magic.
You feel off-balance for a moment.
You feel yourself slow down.
The centaur shoots an arrow.
The arrow hits you.
Casting: Fulminant Prism (quite dangerous; 19% risk of failure)
Confirm with . or Enter, or press ? or * to list all spells.
The spell is quite dangerous to cast (19% risk of failure)!
Continue anyway?
Aiming: Fulminant Prism (quite dangerous; 19% risk of failure)
Press: ? - help, Dir - move target cursor You conjure a prism of explosive energy!
A fulminant prism comes into view.
The centaur shoots an arrow.
The arrow hits you!
The centaur shoots an arrow.
The arrow hits you!
* * * LOW HITPOINT WARNING * * *
Unknown command.
Unknown command.
The centaur shoots an arrow.
The arrow hits you.
* * * LOW HITPOINT WARNING * * *
Your fulminant prism crackles loudly.
The centaur shoots an arrow.
The arrow hits you.
You die...

#.......##....##
##.......# #..$...##
#.c..####.......###
###...##
#.....##........... #..#
#.*...#...#....... #..
#..>..........####
#(.............#
#(.......##....## ....##
#(...##...##....##
##.....#
##@..####..####...#
##...... #...## #..##
##... ##.....# .......##
#..# ##.. #.....#
########### #..# ##.
.....# ##.#_###.#8##
#..## #. ....#
#..#.#.#.#.8####..# #.
#<.#
##...........###..## #.
#..#
#..................# ##.
##.##
##.#.#.#.#.8.......###..


You could see a centaur and a friendly fulminant prism.

Vanquished Creatures
  Grinder (D:4)
  Eustachio (D:5)
  Menkaure (D:6)
  2 ogres (D:4)
  A scorpion (D:5)
  A howler monkey (D:4)
  A crimson imp (D:5)
  A bullfrog zombie (D:6)
  A hound (D:5)
  A centaur skeleton (D:4)
  3 worker ants
  8 gnolls
  4 adders
  A shadow imp (D:5)
  2 worms (D:3)
  3 dart slugs
  2 leopard geckos
  4 orcs
  7 bats
  4 giant cockroaches
  4 goblins
  9 hobgoblins
  3 jackals (D:3)
  9 kobolds
  3 quokkas
  2 ball pythons
  8 frilled lizards
  A leopard gecko skeleton (D:5)
  7 rats
95 creatures vanquished.

Vanquished Creatures (others)
  4 fulminant prisms
4 creatures vanquished.

Grand Total: 99 creatures vanquished

Notes
Turn   | Place    | Note
-------+----------+-------------------------------------------
     0 | D:1      | Luthien the Deep Elf Conjurer began the quest for the Orb.
     0 | D:1      | Reached XP level 1. HP: 10/10 MP: 6/6
   208 | D:1      | Reached XP level 2. HP: 15/15 MP: 4/8
   215 | D:1      | Learned a level 2 spell: Searing Ray
  1151 | D:2      | Reached XP level 3. HP: 19/19 MP: 5/10
  1355 | D:2      | Reached skill level 5 in Conjurations
  1619 | D:2      | Found an ornate altar of the Wu Jian Council.
  2091 | D:3      | Reached XP level 4. HP: 24/24 MP: 8/12
  2650 | D:3      | Reached skill level 1 in Fighting
  2651 | D:3      | Reached skill level 1 in Shields
  2958 | D:3      | Reached XP level 5. HP: 29/29 MP: 10/14
  3417 | D:4      | Reached skill level 5 in Spellcasting
  3552 | D:4      | Found a snail-covered altar of Cheibriados.
  3717 | D:4      | Noticed Grinder
  3722 | D:4      | Killed Grinder
  3722 | D:4      | Reached XP level 6. HP: 27/35 MP: 9/16
  3815 | D:4      | Reached XP level 7. HP: 40/40 MP: 10/18
  3884 | D:4      | Found a sacrificial altar of Ru.
  4047 | D:4      | Found a glowing golden altar of the Shining One.
  4099 | D:4      | Learned a level 4 spell: Fulminant Prism
  4104 | D:4      | Learned a level 4 spell: Iskenderun's Mystic Blast
  4646 | D:5      | Entered Level 5 of the Dungeon
  5027 | D:5      | Noticed Eustachio
  5036 | D:5      | Killed Eustachio
  5788 | D:6      | Noticed Menkaure
  5794 | D:6      | Killed Menkaure
  5794 | D:6      | Reached XP level 8. HP: 26/46 MP: 12/20
  6034 | D:6      | Found a shadowy altar of Dithmenos.
  6035 | D:6      | Found a stormy altar of Qazlal.
  6179 | D:6      | HP: 2/46 [centaur/arrow (3)]
  6179 | D:6      | Shot with an arrow by a centaur

Illustrated notes

Levels and vault maps discovered:
D:1:      roderic_chinese_lattice_arrival, layout_loops_corners, st_stairs_13
D:2:      layout_loops_ring, old_standard_altar
D:3:      minmay_diamond_boxcup, layout_loops_corners, first_ration,
          serial_bayou_ford_a
D:4:      layout_cave_pods, lemuel_round_altar, cheibriados_altar_1,
          nicolae_ru_the_path_less_chosen, minmay_cut_off, uniq_grinder
D:5:      layout_loops_corners, uniq_eustachio
D:6:      layout_layer_cave, nemelex_xobeh_ov_fountains_minmay, minitemple,
          uniq_menkaure

Skill      XL: |  1  2  3  4  5  6  7 |
---------------+----------------------+-----
Spellcasting   | 4 5 6 7 |  7.2
Conjurations   | 5 6 7 |  7.0
Fighting       | 1 2 3 |  3.4
Shields        | 1 2 3 |  3.4
Dodging        | |  2.5
Stealth        | |  2.5

Action                   |  1- 3 |  4- 6 |  7- 9 || total
-------------------------+-------+-------+-------++-------
Melee: Mace              |       |     2 |       ||     2
 Cast: Magic Dart        |    68 |    37 |    25 ||   130
       Searing Ray       |       |    19 |    16 ||    35
       Fulminant Prism   |       |       |     5 ||     5
  Eat: Chunk             |     2 |     6 |     5 ||    13
       Ration            |       |       |     1 ||     1
Armor: Robe              |       |     1 |     1 ||     2
Dodge: Dodged            |     3 |     3 |     3 ||     9
Block: Buckler           |       |       |     1 ||     1
